 Dungeon Crawl Stone Soup version 0.25.1-2-g60ff931df9 (webtiles) character file.

Game seed: 17171688962369040405

88 DildoBatman the Conjurer (level 4, -3/30 HPs)
             Began as a Formicid Wizard on Sept 27, 2020.
             Was an Initiate of Kikubaaqudgha.
             Killed by nerve-wracking pain
             ... invoked by a shadow imp
             ... summoned by Natasha
              (7 damage)
             ... on level 2 of the Dungeon.
             The game lasted 00:03:29 (1451 turns).

DildoBatman the Conjurer (Formicid Wizard)          Turns: 1451, Time: 00:03:30

Health: -3/30      AC:  2    Str: 12    XL:     4   Next: 82%
Magic:  7/8        EV: 12    Int: 18    God:    Kikubaaqudgha [......]
Gold:   130        SH:  0    Dex:  9    Spells: 8/9 levels left

rFire    . . .     SeeInvis +   r - +3 short sword
rCold    . . .     Gourm    .   (no shield)
rNeg     . . .     Faith    .   e - +0 robe
rPois    .         Spirit   .   (helmet unavailable)
rElec    .         Reflect  .   (no cloak)
rCorr    .         Harm     .   (no gloves)
MR       .....                  (no boots)
Stlth    ++........             (no amulet)
HPRegen  0.10/turn              o - +4 ring of slaying
MPRegen  0.11/turn              (no ring)

@: no status effects
A: permanent stasis, dig shafts and tunnels, four strong arms, antennae 3
a: Dig, Shaft Self, Renounce Religion


You were on level 2 of the Dungeon.
You worshipped Kikubaaqudgha.
Kikubaaqudgha was noncommittal.
You were not hungry.

You visited 1 branch of the dungeon, and saw 2 of its levels.

You collected 130 gold pieces.

Inventory:

Hand Weapons
 a - a +0 hunting sling
 r - a +3 short sword (weapon)
Missiles
 g - 97 stones (quivered)
 h - 21 bolts
 k - 19 arrows
 q - 8 poisoned darts
Armour
 e - a +0 robe (worn)
Magical Staves
 b - an uncursed staff of poison
Jewellery
 o - a +4 ring of slaying (left hand)
Scrolls
 d - a scroll of teleportation {unknown}
 i - 3 scrolls of noise {unknown}
 j - 2 scrolls of amnesia {unknown}
 l - a scroll of immolation {unknown}
 m - 2 scrolls of identify {unknown}
 n - a scroll of fear {unknown}
Potions
 c - a potion of might {unknown}
 f - 4 potions of curing {unknown}
 p - a potion of lignification {unknown}
Comestibles
 s - 5 chunks of flesh
 v - 4 rations


   Skills:
 - Level 1.7 Dodging
 - Level 2.4 Stealth
 - Level 3.2 Spellcasting
 * Level 3.8 Conjurations
   Level 1.0 Summonings
   Level 0.8 Translocations


You had 8 spell levels left.
You knew the following spells:

 Your Spells              Type           Power        Failure   Level  Hunger
c - Magic Dart            Conj           ###.         3%          1    None

Your spell library contained the following spells:

 Spells                   Type           Power        Failure   Level  Hunger
 Call Imp                 Summ           #.......     16%         2    ##.....
 Conjure Flame            Conj/Fire      #.......     22%         3    ###....
 Slow                     Hex            #.......     24%         2    ##.....
 Mephitic Cloud           Conj/Pois/Air  #.......     28%         3    ###....
 Blink                    Tloc           Unusable     N/A         2    N/A

Dungeon Overview and Level Annotations

Branches:
Dungeon (2/15)

Altars:
Ashenzari
Kikubaaqudgha

Annotations:
D:2 Natasha


Innate Abilities, Weirdness & Mutations

You cannot be hasted, slowed, berserked, paralysed or teleported.
You can dig through walls and to a lower floor.
Your four strong arms can wield two-handed weapons with a shield.
You have a pair of large antennae on your head. (SInv)


Message History

The white imp is lightly wounded.
The white imp hits you. The white imp freezes you.
You puncture the white imp!
The white imp is almost dead.
The white imp gestures at you. The puff of frost hits you!
You hit the white imp.
You kill the white imp!
Casting: Magic Dart (safe; 3% risk of failure)
Confirm with . or Enter, or press ? or * to list all spells.
Aiming: Magic Dart (safe; 3% risk of failure)
Press: ? - help, Shift-Dir - straight line, f - shadow imp
Aim: a shadow imp (summoned)
The magic dart hits the shadow imp.
The shadow imp is moderately wounded.
The shadow imp gestures at you. Pain shoots through your body!
You die...
Kikubaaqudgha rasps: "You have failed me!
Welcome... death!"

### #@##
####5# #..{##
. #5..# ...
#...#
....#..h#
(.......#####
..(....(....##
....####.##..#


You could see a shadow imp (summoned).

Vanquished Creatures
  Jessica (D:2)
  Natasha (D:2)
  A worm (D:1)
  A dart slug (D:1)
  A leopard gecko (D:1)
  6 bats
  A giant cockroach (D:1)
  4 goblins
  6 hobgoblins
  5 kobolds
  A ball python (D:1)
  A frilled lizard (D:2)
  5 rats
34 creatures vanquished.

Notes
Turn   | Place    | Note
-------+----------+-------------------------------------------
     0 | D:1      | DildoBatman the Formicid Wizard began the quest for the
                  | Orb.
     0 | D:1      | Reached XP level 1. HP: 13/13 MP: 4/4
     9 | D:1      | Reached skill level 1 in Conjurations
   339 | D:1      | Reached XP level 2. HP: 16/19 MP: 4/6
   713 | D:1      | Reached XP level 3. HP: 19/24 MP: 2/7
  1218 | D:2      | Found an ancient bone altar of Kikubaaqudgha.
  1227 | D:2      | Became a worshipper of Kikubaaqudgha
  1281 | D:2      | Found a shattered altar of Ashenzari.
  1300 | D:2      | Noticed Jessica
  1301 | D:2      | Killed Jessica
  1301 | D:2      | Reached XP level 4. HP: 30/30 MP: 8/8
  1430 | D:2      | Noticed Natasha
  1432 | D:2      | Killed Natasha
  1438 | D:2      | Noticed Natasha
  1451 | D:2      | Killed from afar by a shadow imp

Illustrated notes

Levels and vault maps discovered:
D:1:      dpeg_arrival_pits, layout_loops_ring
D:2:      layout_rooms, evilmike_ruin_ashenzari, lemuel_round_altar,
          uniq_natasha, uniq_jessica

Skill      XL: |  1  2  3 |
---------------+----------+-----
Conjurations   | 1 2 3 |  3.8
Dodging        | |  1.7
Stealth        | |  2.4
Spellcasting   | |  3.2
Summonings     | |  1.0
Translocations | |  0.8

Action                   |  1- 3 |  4- 6 || total
-------------------------+-------+-------++-------
Melee: Short sword       |    26 |     6 ||    32
       Unarmed           |     3 |       ||     3
 Fire: Hunting sling     |    13 |    16 ||    29
 Cast: Magic Dart        |    45 |     1 ||    46
 Abil: Dig               |     2 |     1 ||     3
 Stab: Sleeping          |     3 |       ||     3
  Eat: Chunk             |     1 |     1 ||     2
Armor: Robe              |     6 |       ||     6
Dodge: Dodged            |    29 |     2 ||    31
